 Dungeon Crawl Stone Soup version 0.30.1-3-gfc49f6343a (webtiles) character file.

Game seed: 519103480356513636

21977 FishyPogo the Martial Artist (level 12, -7/94 HPs)
             Began as a Gnoll Transmuter on June 19, 2023.
             Was an Initiate of Wu Jian.
             Killed by divine providence
             ... invoked by a meliai
              (14 damage)
             ... on level 14 of the Dungeon on July 22, 2023.
             The game lasted 01:28:40 (11927 turns).

FishyPogo the Martial Artist (Gnoll Transmuter)    Turns: 11927, Time: 01:28:41

Health: -7/94      AC: 10    Str:  4    XL:     12   Next: 95%
Magic:  19/25      EV: 15    Int: 14    God:    Wu Jian [......]
Gold:   756        SH:  5    Dex: 14    Spells: 2/30 levels left

rFire   + + +        a - +7 staff of the Meek {protect, meekguard}
rCold   + . .        (shield currently unavailable)
rNeg    . . .        O - +3 leather armour {rC+}
rPois   .            (helmet currently unavailable)
rElec   .            y - +2 cloak
rCorr   +            (no gloves)
SInv    .            M - melded +0 pair of boots
Will    +....        T - amulet "Qeloif" {Reflect rF+++ rCorr Str-5 Int-3 SH+5}
Stlth   ++++         x - +4 ring of slaying
HPRegen 0.35/turn    i - ring of willpower
MPRegen 0.19/turn

%: reflection
@: appendages, invisible
A: horns 2, talons 2, fangs 1, strong nose, distributed training
a: End Transformation, Renounce Religion


You were on level 14 of the Dungeon.
You worshipped Wu Jian.
Wu Jian was noncommittal.
You had temporarily grown beastly horns and talons.
You visited 4 branches of the dungeon, and saw 17 of its levels.
You also visited: Trove.

You collected 756 gold pieces.

Inventory:

Hand Weapons
 a - the +7 staff of the Meek (weapon) {protect, meekguard}
   (You found it on level 2 of the Dungeon)
Missiles
 f - 8 stones
 A - 44 poisoned darts
 G - 10 boomerangs
 Q - a curare-tipped dart
 U - a throwing net
Armour
 d - a +0 troll leather armour
 y - a +2 cloak (worn)
 M - a +0 pair of boots (melded)
 O - a +3 leather armour of cold resistance (worn)
Magical Staves
 g - a staff of fire
 t - a staff of death
Jewellery
 c - a +6 ring of dexterity
 e - the amulet of the Raven {Acrobat Regen+ Str+3}
   (You found it in a treasure trove)

   [amulet of the acrobat]

   It increases your evasion while moving and waiting.
   Str:       It affects your strength (+3).
   Regen:     It increases your rate of health regeneration.
 i - a ring of willpower (right hand)
 m - the ring of Elyvilon's Delight {Fire rPois}
   (You found it in a treasure trove)

   [ring of fire]

   It enhances your fire magic.
   rF:        It protects you from fire.
   rC:        It makes you vulnerable to cold.
   rPois:     It protects you from poison.
 x - a +4 ring of slaying (left hand)
 z - a ring of wizardry
 I - a ring of protection from cold
 K - a +5 ring of evasion
 N - a ring of protection from fire
 T - the amulet "Qeloif" (around neck) {Reflect rF+++ rCorr Str-5 Int-3 SH+5}
   (You found it in a treasure trove)

   [amulet of reflection]

   It reflects blocked missile attacks.
   Str:       It affects your strength (-5).
   Int:       It affects your intelligence (-3).
   rF:        It renders you almost immune to fire.
   rCorr:     It protects you from acid and corrosion.
   SH:        It affects your SH (+5).
 Z - the ring "Meciacs" {*Slow rF+ rN+ rCorr Stlth+}
   (You found it in a treasure trove)

   [ring of positive energy]

   rF:        It protects you from fire.
   rN:        It protects you from negative energy.
   rCorr:     It protects you from acid and corrosion.
   *Slow:     It may slow you when you take damage.
   Stlth:     It makes you more stealthy.
Wands
 k - a wand of digging (9)
 q - a wand of flame (61)
 E - a wand of acid (13)
 J - a wand of roots (6)
 L - a wand of polymorph (4)
Scrolls
 j - 5 scrolls of enchant armour
 l - 2 scrolls of fear
 p - a scroll of immolation
 w - 3 scrolls of vulnerability
 B - 2 scrolls of fog
 C - 2 scrolls of blinking
 D - a scroll of enchant weapon {unknown}
 H - 5 scrolls of teleportation
 X - a scroll of magic mapping {unknown}
 Y - a scroll of summoning {unknown}
Potions
 b - 5 potions of lignification
 h - 4 potions of curing
 n - a potion of berserk rage {unknown}
 o - 2 potions of flight {unknown}
 r - a potion of invisibility
 u - 2 potions of cancellation {unknown}
 P - 3 potions of brilliance
 R - 2 potions of attraction {unknown}
 W - a potion of magic {unknown}


   Skills:
 + Level 8.5 Fighting
 + Level 8.0 Short Blades
 + Level 8.0 Long Blades
 + Level 8.0 Axes
 + Level 8.0 Maces & Flails
 + Level 8.0 Polearms
 + Level 8.0 Staves
 + Level 8.0 Ranged Weapons
 + Level 8.0 Throwing
 + Level 8.0 Armour
 + Level 9.3 Dodging
 + Level 8.0 Stealth
 + Level 8.0 Shields
 + Level 10.4 Unarmed Combat
 + Level 9.5 Spellcasting
 + Level 6.7 Conjurations
 + Level 6.7 Hexes
 + Level 6.7 Summonings
 + Level 6.7 Necromancy
 + Level 6.7 Translocations
 + Level 7.8 Transmutations
 + Level 6.7 Fire Magic
 + Level 6.7 Ice Magic
 + Level 6.7 Air Magic
 + Level 6.7 Earth Magic
 + Level 6.7 Poison Magic
 + Level 8.8 Invocations
 + Level 8.0 Evocations


You had 2 spell levels left.
You knew the following spells:

 Your Spells              Type           Power      Damage    Failure   Level
a - Beastly Appendage     Tmut           56%        N/A       1%          1
b - Wereblood             Tmut           28%        N/A       1%          2
c - Spider Form           Tmut/Pois      27%        N/A       2%          3
d - Poisonous Vapours     Pois/Air       50%        N/A       1%          2
e - Mephitic Cloud        Conj/Pois/Air  25%        N/A       3%          3
f - Shock                 Conj/Air       100%       1d9       1%          1
g - Airstrike             Air            12%        2d(2-18)  11%         4
h - Ice Form              Ice/Tmut       27%        N/A       9%          4
i - Freezing Cloud        Conj/Ice/Air   12%        6-21      30%         5
j - Tukima's Dance        Hex            25%        N/A       3%          3

Your spell library contained the following spells:

 Spells                   Type           Power      Damage    Failure   Level
 Gell's Gravitas          Tloc           25%        N/A       3%          3
 Swiftness                Air            25%        N/A       3%          3
 Teleport Other           Tloc           25%        N/A       3%          3
 Passage of Golubria      Tloc           25%        N/A       11%         4
 Yara's Violent Unravell  Hex/Tmut       13%        3d7       24%         5
 Iskenderun's Battlesphe  Conj           25%        2d8       30%         5
 Dispersal                Tloc           12%        N/A       86%         6
 Iron Shot                Conj/Erth      12%        9d3       86%         6
 Spellforged Servitor     Conj/Summ      12%        N/A       100%        7


Dungeon Overview and Level Annotations

Branches:
Dungeon (14/15)            Temple (1/1) D:4            Lair (1/5) D:9
    Orc (1/2) D:10         Vaults (0/5) D:13

Altars:
Cheibriados
Dithmenos
Elyvilon
Fedhas
Gozag
Makhleb
Nemelex Xobeh
Okawaru
Qazlal
Ru
Trog
Uskayaw
Wu Jian
Xom
Yredelemnul
Zin
The Shining One


Innate Abilities, Weirdness & Mutations

You have temporarily grown beastly horns and talons.
You have very sharp teeth.
Your uncanny sense of smell can sniff out nearby items.
Your experience applies equally to all skills.


Message History

Casting: Beastly Appendage (safe; 1% risk of failure)
Confirm with . or Enter, or press ? or * to list all spells.
Aiming: Mephitic Cloud (mildly dangerous; 3% risk of failure)
Press: ? - help, Shift-Dir - straight line, f/p - meliai
Aim: a meliai, wielding a +0 war axe and wearing a +0 robe (severely wounded, chance to affect: 67%) That beam is likely to hit you.
Continue anyway?
The ball explodes into a vile cloud!
The stinking cloud engulfs the meliai but does no damage.
The meliai is severely wounded.
The stinking cloud engulfs the meliai but does no damage.
The stinking cloud engulfs you but does no damage.
The stinking cloud engulfs the meliai but does no damage.
The meliai is engulfed in noxious fumes.
The meliai appears confused.
The meliai barely misses the meliai.
The meliai hits you with a +0 war axe.
* * * LOW HITPOINT WARNING * * *
The meliai misses the meliai.
The meliai calls down the wrath of its god upon you.
Something smites you!
* * * LOW HITPOINT WARNING * * *
The meliai is engulfed in noxious fumes.
You feel much better.
The meliai is engulfed in noxious fumes.
The meliai appears confused.
The meliai misses the meliai.
The meliai closely misses you.
The meliai barely misses the meliai.
The meliai invokes the aid of its god against you.
Something smites you!
* * * LOW HITPOINT WARNING * * *
The meliai is engulfed in noxious fumes.
The meliai calls down the wrath of its god upon you.
Something smites you!
* * * LOW HITPOINT WARNING * * *
Unknown command.
Unknown command.
You fade into invisibility!
The meliai is engulfed in noxious fumes.
The meliai appears confused.
The meliai invokes the aid of its god against you.
Something smites you!
You die...

......#.#####........#...#.#.#u..
...#..#.# #........#...#####...
...#..#.#####........#...# #_#...
...#..#.....'........#.... #.....
#..#..#######..........###~#~###.
.....u#.....+..).......# .#...#.
...#..##.####..°yy.....# .....#.
#####.##.# ####y####.## ...####
#.##.# #@# ..# .....#. #####.##.#
#.# .# .....#. .D.......# #.#
##.###. ######.### #.# ... ##
.......# #<# ## ######## ###


You could see 3 meliai.

Vanquished Creatures
  2 boulder beetles (D:11)
  3 two-headed ogres
  Nergalle (D:11)
  A manticore (D:14)
  3 ugly things (D:14)
  A cyclops (D:11)
  3 black mambas (Lair:1)
  Maurice (D:10)
  3 cane toads (Lair:1)
  A freezing wraith (D:14)
  2 rime drakes (Lair:1)
  An unseen horror (D:10)
  3 komodo dragons (Lair:1)
  2 kobold demonologists (D:11)
  2 trolls
  Grinder (D:4)
  10 blink frogs (Lair:1)
  3 slime creatures (D:8)
  6 wyverns
  A wraith (D:11)
  9 yaks
  3 basilisks
  2 steam dragons (D:9)
  Grum (D:10)
  A warg (Orc:1)
  An acid dragon (D:9)
  9 water moccasins
  2 sky beasts
  4 black bears
  6 orc warriors
  An ogre (D:5)
  7 wolves
  6 centaurs
  2 phantoms (D:5)
  Blork the orc (D:6)
  5 kobold brigands
  3 bullfrogs
  3 gnoll sergeants
  3 wights (D:8)
  4 scorpions
  5 killer bees (D:8)
  2 electric eels (D:8)
  2 sleepcaps
  2 jellies
  5 orc priests
  Crazy Yiuf (D:2)
  A hound (D:7)
  A gnoll bouda (D:8)
  5 iguanas
  8 orc wizards
  18 gnolls
  9 adders
  3 shadow imps (D:5)
  4 worms
  2 dart slugs
  32 orcs
  8 ball pythons
  8 endoplasms
  3 giant cockroaches
  4 goblins
  5 hobgoblins
  9 jackals
  3 quokkas
  9 bats
  2 frilled lizards
  31 kobolds
  3 rats
308 creatures vanquished.

Vanquished Creatures (collateral kills)
  A killer bee (D:8)
1 creature vanquished.

Grand Total: 309 creatures vanquished

Notes
Turn   | Place    | Note
-------+----------+-------------------------------------------
     0 | D:1      | FishyPogo the Gnoll Transmuter began the quest for the Orb.
     0 | D:1      | Reached XP level 1. HP: 17/17 MP: 6/6
   178 | D:1      | Reached XP level 2. HP: 23/23 MP: 5/7
   226 | D:1      | Learned a level 2 spell: Wereblood
   460 | D:1      | Reached skill level 5 in Spellcasting
   460 | D:1      | Reached XP level 3. HP: 25/28 MP: 6/9
   464 | D:1      | Learned a level 3 spell: Spider Form
   821 | D:2      | Reached skill level 1 in Invocations
   924 | D:2      | Found the +7 staff of the Meek {protect, meekguard}
   982 | D:2      | Found a basalt altar of Yredelemnul.
  1327 | D:2      | Found a runed translucent door.
  1328 | D:2      | Noticed Crazy Yiuf
  1338 | D:2      | Killed Crazy Yiuf
  1339 | D:2      | Reached skill level 1 in Short Blades
  1339 | D:2      | Reached skill level 1 in Long Blades
  1339 | D:2      | Reached skill level 1 in Axes
  1339 | D:2      | Reached skill level 1 in Maces & Flails
  1339 | D:2      | Reached skill level 1 in Polearms
  1339 | D:2      | Reached skill level 1 in Staves
  1339 | D:2      | Reached skill level 1 in Ranged Weapons
  1339 | D:2      | Reached skill level 1 in Throwing
  1339 | D:2      | Reached skill level 1 in Armour
  1339 | D:2      | Reached skill level 1 in Stealth
  1339 | D:2      | Reached skill level 1 in Shields
  1339 | D:2      | Reached skill level 1 in Evocations
  1339 | D:2      | Reached XP level 4. HP: 11/34 MP: 7/11
  1480 | D:2      | Reached skill level 1 in Conjurations
  1480 | D:2      | Reached skill level 1 in Hexes
  1480 | D:2      | Reached skill level 1 in Summonings
  1480 | D:2      | Reached skill level 1 in Necromancy
  1480 | D:2      | Reached skill level 1 in Translocations
  1480 | D:2      | Reached skill level 1 in Fire Magic
  1480 | D:2      | Reached skill level 1 in Ice Magic
  1480 | D:2      | Reached skill level 1 in Air Magic
  1480 | D:2      | Reached skill level 1 in Earth Magic
  1480 | D:2      | Reached skill level 1 in Poison Magic
  1644 | D:3      | Found a white marble altar of Elyvilon.
  1872 | D:3      | Found a hide-covered altar of Uskayaw.
  1874 | D:3      | Found a sparkling altar of Nemelex Xobeh.
  1951 | D:3      | Reached XP level 5. HP: 40/40 MP: 10/12
  2490 | D:4      | Found a blossoming altar of Fedhas.
  2581 | D:4      | Learned a level 2 spell: Poisonous Vapours
  2617 | D:4      | Noticed Grinder
  2657 | D:4      | Killed Grinder
  2658 | D:4      | Reached skill level 5 in Dodging
  2658 | D:4      | Reached XP level 6. HP: 35/47 MP: 12/14
  2724 | D:4      | Reached skill level 7 in Unarmed Combat
  2724 | D:4      | Reached XP level 7. HP: 52/52 MP: 10/15
  2953 | D:4      | Found a staircase to the Ecumenical Temple.
  2958 | Temple   | Entered the Ecumenical Temple
  2966 | Temple   | Became a worshipper of the Wu Jian Council
  3170 | D:5      | Entered Level 5 of the Dungeon
  3183 | D:5      | Found a transporter.
  3297 | D:5      | Reached XP level 8. HP: 59/60 MP: 16/16
  3425 | D:5      | Learned a level 3 spell: Mephitic Cloud
  3554 | D:5      | Found a transporter.
  3777 | D:5      | Learned a level 1 spell: Shock
  3782 | D:5      | Reached * piety under Wu Jian
  3918 | D:6      | Upgraded the game from 0.30.0-29-ga12c61a403 to
                  | 0.30.1-3-gfc49f6343a
  4077 | D:6      | Noticed Blork the orc
  4085 | D:6      | Killed Blork the orc
  4086 | D:6      | Reached skill level 5 in Transmutations
  4350 | D:6      | Reached XP level 9. HP: 66/66 MP: 16/18
  4524 | D:7      | Found a bloodstained altar of Trog.
  4534 | D:7      | Found an opulent altar of Gozag.
  4568 | D:7      | Reached skill level 5 in Fighting
  4602 | D:7      | Reached skill level 8 in Unarmed Combat
  5186 | D:8      | Reached ** piety under Wu Jian
  5190 | D:8      | Reached skill level 5 in Invocations
  5320 | D:8      | Learned a level 4 spell: Airstrike
  5457 | D:8      | Reached skill level 5 in Short Blades
  5457 | D:8      | Reached skill level 5 in Long Blades
  5457 | D:8      | Reached skill level 5 in Axes
  5457 | D:8      | Reached skill level 5 in Maces & Flails
  5457 | D:8      | Reached skill level 5 in Polearms
  5457 | D:8      | Reached skill level 5 in Staves
  5457 | D:8      | Reached skill level 5 in Ranged Weapons
  5457 | D:8      | Reached skill level 5 in Throwing
  5457 | D:8      | Reached skill level 5 in Armour
  5457 | D:8      | Reached skill level 5 in Stealth
  5457 | D:8      | Reached skill level 5 in Shields
  5457 | D:8      | Reached skill level 5 in Evocations
  5457 | D:8      | Reached XP level 10. HP: 58/76 MP: 12/20
  6603 | D:9      | Reached *** piety under Wu Jian
  6775 | D:9      | Found a staircase to the Lair.
  7136 | D:9      | Reached skill level 9 in Unarmed Combat
  7323 | D:9      | Reached skill level 5 in Conjurations
  7323 | D:9      | Reached skill level 5 in Hexes
  7323 | D:9      | Reached skill level 5 in Summonings
  7323 | D:9      | Reached skill level 5 in Necromancy
  7323 | D:9      | Reached skill level 5 in Translocations
  7323 | D:9      | Reached skill level 5 in Fire Magic
  7323 | D:9      | Reached skill level 5 in Ice Magic
  7323 | D:9      | Reached skill level 5 in Air Magic
  7323 | D:9      | Reached skill level 5 in Earth Magic
  7323 | D:9      | Reached skill level 5 in Poison Magic
  7323 | D:9      | Reached XP level 11. HP: 83/83 MP: 13/22
  7496 | D:10     | Entered Level 10 of the Dungeon
  7531 | D:10     | Noticed Grum
  7541 | D:10     | Killed Grum
  7575 | D:10     | Noticed Maurice
  7588 | D:10     | Killed Maurice
  7716 | D:10     | Learned a level 4 spell: Ice Form
  7722 | D:10     | Learned a level 5 spell: Freezing Cloud
  7854 | D:10     | Found an iron altar of Okawaru.
  8149 | D:10     | Found a staircase to the Orcish Mines.
  8272 | D:10     | Found a shimmering altar of Xom.
  8532 | D:11     | Noticed a two-headed ogre
  8540 | D:11     | Killed a two-headed ogre
  8641 | D:11     | Reached **** piety under Wu Jian
  8645 | D:11     | Noticed a two-headed ogre
  8648 | D:11     | Noticed a boulder beetle
  8833 | D:11     | Killed a boulder beetle
  8924 | Lair:1   | Entered Level 1 of the Lair of Beasts
  9068 | Lair:1   | Reached XP level 12. HP: 74/91 MP: 13/24
  9596 | Lair:1   | Reached skill level 10 in Unarmed Combat
 10117 | Orc:1    | Entered Level 1 of the Orcish Mines
 10118 | Orc:1    | Noticed a two-headed ogre
 10125 | Orc:1    | Killed a two-headed ogre
 10279 | D:11     | Noticed Nergalle
 10286 | D:11     | Learned a level 3 spell: Tukima's Dance
 10302 | D:11     | Killed Nergalle
 10302 | D:11     | Reached ***** piety under Wu Jian
 10521 | D:11     | Killed a two-headed ogre
 10595 | D:11     | Found a portal to a secret trove of treasure.
 10616 | Trove    | Entered a treasure trove
 10633 | Trove    | Identified the amulet of the Raven {Acrobat Regen+ Str+3}
 10638 | Trove    | Identified the ring of Elyvilon's Delight {Fire rPois}
 10649 | Trove    | Identified the amulet "Qeloif" {Reflect rF+++ rCorr Str-5
                  | Int-3 SH+5}
 10651 | Trove    | Identified the ring "Meciacs" {*Slow rF+ rN+ rCorr Stlth+}
 10820 | D:11     | Noticed a boulder beetle
 10835 | D:11     | Killed a boulder beetle
 10983 | D:12     | You fall into a shaft and drop 2 floors!
 11006 | D:14     | Noticed a boulder beetle
 11268 | D:13     | Found a gate to the Vaults.
 11268 | D:13     | Noticed a centaur warrior
 11268 | D:13     | Noticed a vault guard
 11268 | D:13     | Noticed a vault guard
 11268 | D:13     | Noticed a vault guard
 11276 | D:13     | Noticed a vault guard
 11391 | D:14     | Found a sacrificial altar of Ru.
 11720 | D:14     | Noticed a five-headed hydra
 11925 | D:14     | HP: 2/94 [meliai/divine providence (16)]
 11927 | D:14     | Killed from afar by a meliai

Illustrated notes

Levels and vault maps discovered:
D:1:      onia_arrival_mini_spirals, layout_basic, hangedman_glass_teeth,
          minmay_pentomino_x4
D:2:      layout_loops_ring, basic_altar, kennysheep_generic_room_2,
          uniq_crazy_yiuf_cottage
D:3:      layout_basic, chequers_temple_overflow_statue_of_worship,
          mainiacjoe_overflow_cross_hatched, minmay_misc_feat_roman,
          minmay_misc_feat_enclosed, minmay_checkerbox
D:4:      layout_basic, mainiacjoe_overflow_tiny_flanked,
          minmay_temple_entry_nine_rooms, kennysheep_generic_room_15,
          uniq_grinder
D:5:      gammafunk_wand_slinger, layout_cave_pools, st_stairs_9,
          grunt_decor_cap, kennysheep_generic_room_10
D:6:      layout_basic, uniq_blork_the_orc
D:7:      layout_loops_ring, kennysheep_mini, mainiacjoe_overflow_brackets
D:8:      layout_cave_pools, kennysheep_dice
D:9:      layout_roguey, minmay_lair_entry_grove
D:10:     layout_roguey, overflow_temple_1_default, overflow_temple_1_default,
          orc_0_dummy, grunt_decor_junction, uniq_maurice, uniq_grum
D:11:     layout_roguey, nicolae_trove_entry_crossroad, uniq_nergalle
D:12:     layout_basic, ebering_ghost_funeral_grove
D:13:     layout_gridville, lightli_vaults_fourway_checkpoint, serial_shops,
          shop, nicolae_shop_bloodbath_and_beyond
D:14:     layout_basic, serial_shops, shop_statue, hangedman_decor_growths,
          hangedman_ru_absence
Temple:   eino_temple_lava
Lair:1:   layout_misc_corridors, st_stairs_5
Orc:1:    emtedronai_trogs_sanctum, layout_diamond_mine

Skill      XL: |  1  2  3  4  5  6  7  8  9 10 11 12 |
---------------+-------------------------------------+-----
Spellcasting   | 5 6 7 8 9 |  9.5
Invocations    | 1 2 3 4 5 6 7 8 |  8.8
Short Blades   | 1 2 3 5 6 7 8 |  8.0
Long Blades    | 1 2 3 5 6 7 8 |  8.0
Axes           | 1 2 3 5 6 7 8 |  8.0
Maces & Flails | 1 2 3 5 6 7 8 |  8.0
Polearms       | 1 2 3 5 6 7 8 |  8.0
Staves         | 1 2 3 5 6 7 8 |  8.0
Ranged Weapons | 1 2 3 5 6 7 8 |  8.0
Throwing       | 1 2 3 5 6 7 8 |  8.0
Armour         | 1 2 3 5 6 7 8 |  8.0
Stealth        | 1 2 3 5 6 7 8 |  8.0
Shields        | 1 2 3 5 6 7 8 |  8.0
Evocations     | 1 2 3 5 6 7 8 |  8.0
Conjurations   | 1 2 3 4 5 6 |  6.7
Hexes          | 1 2 3 4 5 6 |  6.7
Summonings     | 1 2 3 4 5 6 |  6.7
Necromancy     | 1 2 3 4 5 6 |  6.7
Translocations | 1 2 3 4 5 6 |  6.7
Fire Magic     | 1 2 3 4 5 6 |  6.7
Ice Magic      | 1 2 3 4 5 6 |  6.7
Air Magic      | 1 2 3 4 5 6 |  6.7
Earth Magic    | 1 2 3 4 5 6 |  6.7
Poison Magic   | 1 2 3 4 5 6 |  6.7
Fighting       | 3 4 5 6 7 8 |  8.5
Transmutations | 4 5 6 7 |  7.8
Dodging        | 5 6 7 8 9 |  9.3
Unarmed Combat | 7 8 9 10 | 10.4

Action                     |  1- 3 |  4- 6 |  7- 9 | 10-12 || total
---------------------------+-------+-------+-------+-------++-------
  Melee: Unarmed           |    68 |    21 |     5 |    56 ||   150
         Kick              |    14 |     9 |    49 |   119 ||   191
         Bite              |     5 |     3 |    22 |    46 ||    76
         Headbutt          |     5 |     6 |    28 |    82 ||   121
         Punch             |     2 |       |       |       ||     2
         Quarterstaff      |     5 |    65 |   164 |   365 ||   599
   Cast: Beastly Appendage |    24 |    29 |    29 |    39 ||   121
         Spider Form       |     1 |     2 |     1 |     5 ||     9
         Wereblood         |       |     2 |     3 |     8 ||    13
         Shock             |       |       |    18 |    22 ||    40
         Mephitic Cloud    |       |       |     1 |    40 ||    41
         Poisonous Vapours |       |       |     4 |    54 ||    58
         Airstrike         |       |       |     3 |    27 ||    30
         Ice Form          |       |       |       |     3 ||     3
         Tukima's Dance    |       |       |       |     1 ||     1
Ability: Lunge             |       |       |    10 |    57 ||    67
         Whirlwind         |       |       |     5 |    29 ||    34
         Wall Jump         |       |       |       |     5 ||     5
         End Transformatio |       |       |       |     1 ||     1
    Use: Potion            |       |       |     4 |     4 ||     8
         Scroll            |       |       |     3 |    10 ||    13
   Stab: Sleeping          |     3 |     4 |     4 |     1 ||    12
         Confused          |       |       |       |    20 ||    20
 Armour: Robe              |    10 |     8 |    70 |    10 ||    98
         Skin              |       |     1 |     2 |     1 ||     4
         Leather armour    |       |       |       |   118 ||   118
  Dodge: Dodged            |    39 |    42 |   177 |   315 ||   573
  Block: Other             |       |       |       |     8 ||     8
